 Dungeon Crawl Stone Soup version 0.19.1-1-g22dce08 (console) character file.

9720 cocoleboss the Blocker (level 11, 0/101 HPs)
             Began as a Minotaur Fighter on Jan 4, 2017.
             Was a Priest of Okawaru.
             Slain by a jumping spider (3 damage)
             ... on level 3 of the Lair of Beasts.
             The game lasted 01:16:14 (11068 turns).

cocoleboss the Blocker (Minotaur Fighter)          Turns: 11068, Time: 01:16:15

Health: 0/101      AC: 13    Str: 26    XL:     11   Next: 26%
Magic:  0/12       EV:  5    Int:  5    God:    Okawaru [***...]
Gold:   529        SH:  0    Dex: 12    Spells: 0 memorised, 10 levels left

rFire  . . .     SeeInvis +     F - +3 hand axe
rCold  + + .     Gourm    .     q - +0 plate armour (curse)
rNeg   . . .     Faith    .     c - +1 shield
rPois  .         Spirit   +     (helmet restricted)
rElec  .         Reflect  .     (no cloak)
rCorr  .         Harm     .     T - +1 pair of gloves of Brilliance {+Fly rC++ Dex-3 SInv}
MR     +....                    (no boots)
Stlth  ..........               J - amulet of guardian spirit
                                B - +2 ring of dexterity
                                S - ring of protection from magic

@: confused, mighty, held
A: retaliatory headbutt, horns 2
a: Heroism, Renounce Religion, Evoke Flight


You were on level 3 of the Lair of Beasts.
You worshipped Okawaru.
Okawaru was most pleased with you.
You were not hungry.

You visited 2 branches of the dungeon, and saw 13 of its levels.

You collected 529 gold pieces.

Inventory:

Hand Weapons
 F - a +3 hand axe (weapon)
Missiles
 e - 360 stones (quivered)
 p - 14 needles of sleeping
Armour
 b - a +0 scale mail
 c - a +1 shield (worn)
 q - a cursed +0 plate armour (worn)
 T - the +1 pair of gloves of Brilliance (worn) {+Fly rC++ Dex-3 SInv}
   (You found it on level 2 of the Lair of Beasts)

   It affects your dexterity (-3).
   It greatly protects you from cold.
   It lets you see invisible.
   It lets you fly.
Jewellery
 x - an uncursed ring of fire
 B - a +2 ring of dexterity (right hand)
 J - an amulet of guardian spirit (around neck)
 N - an uncursed amulet of rage
 Q - an uncursed ring of positive energy
 S - a ring of protection from magic (left hand)
Scrolls
 i - 3 scrolls of identify
 j - 7 scrolls of remove curse
 k - a scroll of acquirement {unknown}
 l - 2 scrolls of fear
 n - 2 scrolls of enchant weapon {unknown}
 s - 6 scrolls of teleportation {unknown}
 w - a scroll of recharging {unknown}
 y - 2 scrolls of enchant armour
 z - 2 scrolls of silence {unknown}
 G - a scroll of random uselessness {unknown}
 K - 4 scrolls of fog
 L - a scroll of noise {unknown}
 M - a scroll of magic mapping
Potions
 o - 2 potions of flight
 r - a potion of haste {unknown}
 C - a potion of lignification
 D - a potion of brilliance
Miscellaneous
 U - a phantom mirror
Comestibles
 f - 3 bread rations
 h - 2 meat rations
 u - a royal jelly
 E - 3 fruits
 I - 2 slices of pizza
 O - 2 beef jerkies


   Skills:
 + Level 10.8 Fighting
 + Level 10.5 Axes
 - Level 3.7 Armour
 + Level 9.5 Dodging
 + Level 11.0 Shields
 + Level 3.2 Invocations


You had 10 spell levels left.
You didn't know any spells.

Dungeon Overview and Level Annotations

Branches:
Dungeon (10/15)              Lair (3/6) D:10          Swamp (0/4) Lair:2
 Spider (0/4) Lair:3
 Temple: D:4-7          Orc: D:9-12

Altars:
Ashenzari
Dithmenos
Elyvilon
Makhleb
Nemelex Xobeh
Okawaru
Qazlal
Ru
Sif Muna
Uskayaw
Yredelemnul

Shops:
D:8 =

Annotations:
Lair:3 exclusion: 2 oklob plants


Innate Abilities, Weirdness & Mutations

You reflexively headbutt those who attack you in melee.
You have a pair of horns on your head.


Message History

* * * LOW HITPOINT WARNING * * *
You are caught in a web!
The jumping spider bites you.
* * * LOW HITPOINT WARNING * * *
The jumping spider barely misses you. You furiously retaliate!
You headbutt the jumping spider.
The jumping spider bites you but does no damage.
There is a web, spattered with blood here.
You see here a redback corpse.
You are confused.
You feel invigorated. The jumping spider pounces on you!
* * * LOW HITPOINT WARNING * * *
You are even more entangled.
The jumping spider barely misses you.
A jumping spider is nearby!
A jumping spider is nearby!
You disentangle yourself.
You feel like a meek peon again. The jumping spider pounces on you!
* * * LOW HITPOINT WARNING * * *
You are caught in a web!
The jumping spider bites you.
You die...

..PPP#...P#
..P.......####
#
.............#
#.## #
.............#
#.#. .#
...#.##.P###.#
...#.#
##########
#.## .>=.#
#..### ...#
##..†##≈≈≈##
##.^@s...≈#
#.##.....## ##
###..#.# ### #


You could see a jumping spider.

Vanquished Creatures
  A manticore (D:8)
  2 spiny frogs (Lair:3)
  2 komodo dragons
  3 jumping spiders (Lair:3)
  A hornet (D:10)
  Grinder (D:4)
  A hippogriff (Lair:2)
  3 redbacks (Lair:3)
  10 yaks
  2 wyverns
  Eustachio (D:4)
  A hungry ghost (D:7)
  Menkaure (D:4)
  Edmund (D:4)
  2 water moccasins (D:6)
  A porcupine (Lair:3)
  4 orc warriors
  A sky beast (D:10)
  A phantom (D:7)
  3 ogres
  2 necrophages
  2 centaurs
  6 crocodiles
  A big kobold (D:8)
  8 bullfrogs
  9 wights (D:8)
  4 crimson imps
  7 orc priests
  5 jellies
  4 bullfrog skeletons
  4 iguanas
  9 orc wizards
  4 worker ants
  A hound skeleton (D:4)
  Robin (D:4)
  A howler monkey zombie (D:5)
  4 gnolls (D:4)
  4 river rats (Lair:2)
  14 adders
  A howler monkey skeleton (D:9)
  4 shadow imps
  2 oozes
  3 adder skeletons
  A worm (D:1)
  2 leopard geckos
  29 orcs
  2 ball pythons
  6 giant cockroaches
  17 goblins
  3 hobgoblins
  10 jackals
  7 kobolds
  2 quokkas
  2 bats (D:1)
  6 frilled lizards
  A leopard gecko zombie (D:7)
  12 rats
242 creatures vanquished.

Vanquished Creatures (others)
  2 plants (Lair:3)
2 creatures vanquished.

Grand Total: 244 creatures vanquished

Notes
Turn   | Place    | Note
-------+----------+-------------------------------------------
     0 | D:1      | cocoleboss the Minotaur Fighter began the quest for the Orb.
     0 | D:1      | Reached XP level 1. HP: 19/19 MP: 0/0
   425 | D:1      | Reached XP level 2. HP: 27/27 MP: 1/1
  1062 | D:1      | Reached skill level 4 in Shields
  1095 | D:1      | Reached skill level 1 in Dodging
  1248 | D:2      | Reached XP level 3. HP: 32/33 MP: 2/2
  1483 | D:2      | Reached XP level 4. HP: 37/40 MP: 3/3
  1647 | D:3      | Found a faded altar of an unknown god.
  1964 | D:3      | Found a hide-covered altar of Uskayaw.
  1966 | D:3      | Found a sparkling altar of Nemelex Xobeh.
  1969 | D:3      | Found a burning altar of Makhleb.
  2089 | D:4      | Reached XP level 5. HP: 31/47 MP: 4/4
  2107 | D:4      | Noticed Menkaure
  2108 | D:4      | Killed Menkaure
  2108 | D:4      | Reached skill level 5 in Shields
  2108 | D:4      | Reached XP level 6. HP: 20/55 MP: 5/5
  2299 | D:4      | Noticed Robin
  2306 | D:4      | Reached skill level 5 in Fighting
  2308 | D:4      | Killed Robin
  2464 | D:4      | Noticed Eustachio
  2489 | D:4      | Killed Eustachio
  2680 | D:4      | Reached XP level 7. HP: 51/61 MP: 6/6
  2682 | D:4      | Reached skill level 5 in Axes
  2736 | D:4      | Noticed Grinder
  2749 | D:4      | Killed Grinder
  2749 | D:4      | Reached skill level 6 in Shields
  2845 | D:4      | Gained mutation: Your muscles are strong. (Str +2) [potion of beneficial mutation]
  3079 | D:4      | Noticed Edmund
  3093 | D:4      | Killed Edmund
  3140 | D:4      | Found a stormy altar of Qazlal.
  3184 | D:5      | Entered Level 5 of the Dungeon
  3590 | D:6      | Reached XP level 8. HP: 57/71 MP: 7/7
  3591 | D:6      | Reached skill level 5 in Dodging
  3595 | D:6      | Reached skill level 7 in Shields
  3864 | D:6      | Found a white marble altar of Elyvilon.
  3942 | D:6      | Found a basalt altar of Yredelemnul.
  4430 | D:7      | Reached skill level 8 in Shields
  4432 | D:7      | Reached XP level 9. HP: 37/81 MP: 8/8
  5138 | D:7      | Found a shadowy altar of Dithmenos.
  5313 | D:8      | Noticed a manticore
  5333 | D:8      | Killed a manticore
  5333 | D:8      | Reached skill level 9 in Shields
  5540 | D:8      | Found a shattered altar of Ashenzari.
  5663 | D:8      | Found a deep blue altar of Sif Muna.
  6200 | D:8      | Reached XP level 10. HP: 86/91 MP: 9/9
  6551 | D:8      | Found a sacrificial altar of Ru.
  6552 | D:8      | Found an iron altar of Okawaru.
  6566 | D:8      | Became a worshipper of Warmaster Okawaru
  6709 | D:8      | Found Cenleyx's Jewellery Shoppe.
  7211 | D:9      | Reached * piety under Okawaru
  7211 | D:9      | Reached skill level 10 in Shields
  7596 | D:10     | Entered Level 10 of the Dungeon
  7798 | D:10     | Reached skill level 10 in Fighting
  8128 | D:10     | Found a staircase to the Lair.
  8253 | Lair:1   | Entered Level 1 of the Lair of Beasts
  8317 | Lair:1   | Reached skill level 1 in Invocations
  8661 | Lair:1   | Reached ** piety under Okawaru
  8816 | Lair:1   | Found a deep blue altar of Sif Muna.
  9643 | Lair:2   | Got a pair of scorched gloves
  9651 | Lair:2   | Identified the +1 pair of gloves of Brilliance {+Fly rC++ Dex-3 SInv} (You found it on level 2 of the Lair of Beasts)
  9776 | Lair:2   | Found a staircase to the Swamp.
  9794 | Lair:2   | Reached skill level 10 in Axes
 10083 | Lair:2   | Lost mutation: Your muscles are strong. (Str +2) [potion of cure mutation]
 10166 | Lair:3   | Noticed a spiny frog
 10186 | Lair:3   | Killed a spiny frog
 10186 | Lair:3   | Reached XP level 11. HP: 21/101 MP: 3/11
 10677 | Lair:3   | Noticed an oklob plant
 10678 | Lair:3   | Noticed an oklob plant
 10689 | Lair:3   | Reached *** piety under Okawaru
 11037 | Lair:3   | Found a hole to the Spider Nest.
 11058 | Lair:3   | Reached skill level 11 in Shields
 11068 | Lair:3   | HP: 3/101 [jumping spider (9)]
 11068 | Lair:3   | Slain by a jumping spider

Skill      XL: |  1  2  3  4  5  6  7  8  9 10 11 |
---------------+----------------------------------+-----
Shields        | 4 5 6 8 9 10 11 | 11.0
Dodging        | 1 2 3 4 6 7 9 |  9.5
Axes           | 3 4 5 7 9 10 | 10.5
Fighting       | 4 5 6 7 9 10 | 10.8
Invocations    | 2 3 |  3.2
Armour         | |  3.7

Action                   |  1- 3 |  4- 6 |  7- 9 | 10-12 || total
-------------------------+-------+-------+-------+-------++-------
Melee: War axe           |    74 |    87 |   281 |       ||   442
       Headbutt          |    13 |    13 |    61 |    83 ||   170
       Hand axe          |       |       |     2 |   312 ||   314
Invok: Heroism           |       |       |       |     2 ||     2
  Use: Potion            |     4 |     1 |     7 |     5 ||    17
       Scroll            |     4 |     1 |     2 |       ||     7
  Eat: Chunk             |     2 |     4 |     6 |     4 ||    16
       Bread ration      |       |       |     2 |     1 ||     3
       Meat ration       |       |       |       |     1 ||     1
Armor: Scale mail        |    43 |    33 |    10 |       ||    86
       Plate armour      |       |       |    91 |    92 ||   183
Dodge: Dodged            |    20 |    42 |    80 |    82 ||   224
Block: Shield            |    39 |    70 |   197 |   166 ||   472
